Map: Pylon LE

Players

LigerMaNN

  • Race: Zerg Zerg
  • League: Diamond
  • Spawn Location: 11:00

IIIIIIIIIIII - Winner!

  • Race: Protoss Protoss
  • League: Diamond
  • Spawn Location: 5:00

VOD

Have the link to the VOD?

Description

Time

  • Played on: June 28, 2025, 2:24 p.m.
  • Length: 9:08
Show
View Real Time Build Order
Export as new Build Order

LigerMaNN Zerg 

Build Orders: Hatch First 

Get SALT Encoding   

  12  0:01  Drone  
  13  0:12  Overlord  
  13  0:16  Drone  
  14  0:30  Drone  
  14  0:31  Drone  
  16  0:47  Hatchery  
  15  0:51  Drone  
  15  0:54  Drone  
  17  0:58  Drone  
  18  1:09  Extractor  
  17  1:14  Spawning Pool  
  17  1:17  Drone  
  17  1:20  Drone  
  18  1:37  Drone  
  18  1:38  Overlord  
  19  2:01  Zergling x6  
  19  2:02  Queen  
  19  2:03  Queen  
  26  2:14  Drone  
  26  2:15  Drone  
  28  2:22  Metabolic Boost  
  28  2:28  Drone  
  28  2:29  Drone  
  29  2:58  Queen  
  29  3:00  Drone x4  
  29  3:01  Hatchery  
  29  3:02  Drone  
  36  3:05  Drone  
  36  3:19  Roach Warren  
  35  3:29  Drone  
  35  3:31  Overlord x2  
  35  3:32  Overlord  
  36  3:41  Overlord x2  
  36  3:52  Lair  
  36  3:53  Drone x4  
  36  3:55  Drone  
  41  3:59  Evolution Chamber  
  40  4:03  Roach Warren  
  40  4:12  Drone  
  40  4:13  Drone x2, Extractor  
  40  4:14  Drone x3  
  45  4:18  Drone  
  45  4:20  Overlord  
  45  4:23  Overlord  
  46  4:39  Zerg Missile Weapons Level 1  
  46  4:45  Queen  
  48  4:46  Queen  
  48  4:51  Spore Crawler  
  48  4:53  Spore Crawler  
  48  4:54  Drone  
  48  4:55  Drone x2  
  49  5:01  Roach x2  
  49  5:02  Roach x2  
  49  5:04  Roach  
  49  5:05  Zergling x4  
  49  5:06  Zergling x2  
  62  5:22  Queen  
  62  5:23  Queen  
  66  5:35  Roach x4  
  74  5:40  Overlord x3  
  74  5:41  Overlord  
  73  6:06  Roach x9  
  73  6:07  Overlord x2  
  91  6:20  Glial Reconstitution  
  91  6:22  Drone x3  
  91  6:23  Drone x5  
  91  6:24  Drone  
  100  6:25  Drone  
  100  6:27  Drone  
  102  6:40  Zerg Melee Weapons Level 1  
  98  6:51  Queen x3  
  90  7:18  Zergling x6  
  90  7:19  Zergling x32  
  101  7:26  Queen  
  85  7:37  Hydralisk Den  
  85  7:39  Extractor x2  
  85  7:41  Hatchery  
  56  8:08  Drone x6  
  62  8:17  Hydralisk x3  
  68  8:20  Queen  
  68  8:21  Hydralisk  
  72  8:40  Drone x3  
  75  8:46  Hatchery  
Show
View Real Time Build Order
Export as new Build Order

IIIIIIIIIIII Protoss - Winner!

Build Orders: 1 Gate Expand, Carriers, Carrier Rush 

Get SALT Encoding   

  12  0:00  Probe  
  13  0:13  Probe  
  14  0:21  Pylon  
  14  0:25  Probe  
  15  0:38  Probe  
  15  0:42  Gateway  
  16  0:45  Assimilator  
  16  0:46  Probe  
  16  0:54  Probe  
  18  1:05  Probe  
  19  1:30  Cybernetics Core  
  19  1:36  Nexus  
  19  1:45  Assimilator  
  19  1:50  Pylon, Probe  
  20  1:58  Probe  
  20  1:59  Stalker  
  20  2:07  Probe  
  24  2:20  Shield Battery  
  24  2:28  Forge  
  24  2:40  Stargate  
  24  2:42  Probe  
  25  2:45  Probe  
  26  2:53  Probe  
  26  2:55  Probe  
  28  3:03  Probe  
  28  3:08  Photon Cannon  
  28  3:10  Probe  
  30  3:15  Probe  
  31  3:22  Void Ray  
  31  3:23  Probe  
  36  3:33  Probe  
  37  3:36  Probe  
  38  3:45  Photon Cannon  
  38  3:46  Protoss Air Weapons Level 1  
  38  3:47  Probe  
  39  3:50  Probe  
  40  3:59  Probe  
  40  4:00  Assimilator  
  40  4:01  Assimilator  
  40  4:02  Probe  
  42  4:11  Probe  
  42  4:14  Probe  
  44  4:17  Fleet Beacon  
  44  4:21  Stargate  
  44  4:23  Probe  
  45  4:26  Probe  
  46  4:33  Pylon  
  46  4:38  Pylon  
  46  4:48  Carrier  
  46  4:51  Probe x2, Carrier  
  48  4:59  Pylon  
  60  5:09  Probe x2  
  62  5:21  Probe  
  63  5:25  Stargate  
  63  5:49  Protoss Air Weapons Level 2  
  63  5:52  Nexus  
  63  5:54  Pylon x2  
  63  5:58  Assimilator  
  63  6:00  Carrier  
  63  6:02  Assimilator  
  69  6:09  Probe  
  70  6:12  Probe  
  71  6:20  Shield Battery  
  71  6:23  Photon Cannon  
  71  6:25  Photon Cannon  
  71  6:26  Probe x2  
  71  6:27  Photon Cannon  
  73  6:38  Carrier  
  79  6:45  Probe x2  
  81  7:04  Pylon, Carrier  
  81  7:05  Pylon  
  87  7:16  Carrier  
  93  7:26  Probe x3  
  94  7:38  Probe x3  
  97  7:46  Photon Cannon  
  97  7:47  Photon Cannon  
  97  7:49  Photon Cannon  
  97  7:50  Pylon, Probe x2  
  99  7:53  Pylon  
  94  8:00  Carrier  
  93  8:17  Photon Cannon x2  
  93  8:18  Shield Battery  
  93  8:22  Pylon  
  99  8:43  Photon Cannon  
  99  8:44  Probe x3  
  99  8:45  Photon Cannon  
Tags
 
Composition
Carriers
Matchup
PvZ
Replay Pack
June 2025
Spawn Locations
Cross Positions
Strategy
Carrier Rush
Add a new tag
Caveats
  • Supply blocks, unpowered buildings, or Contaminate may cause inaccurate times.
  • Supply counts are checked every 10 seconds.